 Dungeon Crawl Stone Soup version 0.22.1-2-g9c5b331 (webtiles) character file.

51 myga the Grasshopper (level 3, -3/25 HPs)
             Began as an Octopode Warper on Nov 27, 2018.
             Slain by a sky beast (6 damage)
             ... on level 2 of the Dungeon.
             The game lasted 00:09:35 (1276 turns).

myga the Grasshopper (Octopode Warper)              Turns: 1276, Time: 00:09:35

Health: -3/25      AC:  4    Str:  9 (11) XL:     3   Next: 81%
Magic:  5/6        EV: 13    Int: 14 (15) God:
Gold:   27         SH:  0    Dex: 10 (11) Spells: 2/6 levels left

rFire    . . .     SeeInvis .   h - -3 dagger (curse)
rCold    . . .     Gourm    .   (no shield)
rNeg     . . .     Faith    .   (helmet restricted)
rPois    +         Spirit   .   (no amulet)
rElec    .         Reflect  .   i - +3 ring of protection
rCorr    .         Harm     .   o - ring of poison resistance
MR       .....                  (no ring)
Stlth    ++........             (no ring)
HPRegen  0.08/turn              (no ring)
MPRegen  0.10/turn              (no ring)
                                (no ring)
                                (no ring)

@: no status effects
A: almost no armour, stealthy swim, amphibious, 8 rings, constrict 8, camouflage
1, gelatinous body 1
a: no special abilities


You were on level 2 of the Dungeon.
You were not hungry.

You visited 1 branch of the dungeon, and saw 2 of its levels.

You collected 27 gold pieces.

Inventory:

Hand Weapons
 a - a +0 falchion
 h - a cursed -3 dagger (weapon)
Missiles
 d - 4 tomahawks of dispersal
 n - 20 arrows
 p - 3 stones (quivered)
Jewellery
 i - a +3 ring of protection (left tentacle)
 o - a ring of poison resistance (right tentacle)
Scrolls
 e - a scroll of enchant armour
 m - a scroll of immolation
 r - a scroll of teleportation
Potions
 q - a potion of flight {unknown}
Comestibles
 f - 2 rations


   Skills:
 + Level 2.3 Fighting
 + Level 2.2 Long Blades
 + Level 1.2 Throwing
 + Level 2.9 Dodging
 + Level 0.5 Stealth
 + Level 2.4 Spellcasting
 + Level 3.2 Translocations


You had 2 spell levels left.
You knew the following spells:

 Your Spells              Type           Power        Failure   Level  Hunger
a - Blink                 Tloc           N/A          9%          2    ###....
b - Shroud of Golubria    Chrm/Tloc      #.........   17%         2    ###....

Your spell library contained the following spells:

 Spells                   Type           Power        Failure   Level  Hunger
 Gell's Gravitas          Tloc           ##........   19%         3    ###....
 Lesser Beckoning         Tloc           ##........   19%         3    ###....
 Teleport Other           Tloc           ##......     19%         3    ###....
 Passage of Golubria      Tloc           N/A          52%         4    #####..


Dungeon Overview and Level Annotations

Branches:
Dungeon (2/15)

Altars:


Innate Abilities, Weirdness & Mutations

You cannot wear most types of armour.
You are very stealthy in the water. (Stealth+)
You are amphibious.
You can wear up to eight rings at the same time.
You can use your tentacles to constrict eight enemies at once.
Your skin changes colour to match your surroundings (Stealth+).
Your rubbery body absorbs attacks. (AC +1, EV +1)


Message History

The sky beast is heavily wounded.
The bat hits you but does no damage.
The sky beast flickers out of sight!
Deactivating autopickup; reactivate with Ctrl-A.
Something hits you but does no damage.
You barely miss something. Your squeeze misses something. The bat misses you.
Your shroud bends something's attack away.
You hit something but do no damage. The bat misses you.
The bat closely misses you.
Your shroud bends something's attack away.
You barely miss something.
Your shroud unravels.
The bat closely misses you. Something hits you. Something shocks you.
You miss something. The bat closely misses you.
You closely miss something. Your squeeze misses something.
The bat barely misses you. Something hits you but does no damage.
You barely miss something. The bat hits you but does no damage. x2
Something hits you.
* * * LOW HITPOINT WARNING * * *
Something shocks you.
You die...

#....# ####S# #.... #.#
#...# #.#
.#####...###########.####
>.{........รท.............
######.############.###.
######..# #.# #.....b{#
#.# #.#####@# ..# #.# ###
#.# #.# #.# #.. ###


You could see a bat.

Vanquished Creatures
  2 adders (D:2)
  3 dart slugs (D:1)
  2 bats (D:1)
  A giant cockroach (D:1)
  4 goblins (D:1)
  4 hobgoblins (D:1)
  2 frilled lizards (D:1)
  3 kobolds (D:1)
  7 rats (D:1)
28 creatures vanquished.

Notes
Turn   | Place    | Note
-------+----------+-------------------------------------------
     0 | D:1      | myga the Octopode Warper began the quest for the Orb.
     0 | D:1      | Reached XP level 1. HP: 14/14 MP: 3/3
   121 | D:1      | Reached XP level 2. HP: 19/19 MP: 5/5
   129 | D:1      | Learned a level 2 spell: Blink
   132 | D:1      | Learned a level 2 spell: Shroud of Golubria
   333 | D:1      | Reached XP level 3. HP: 24/24 MP: 6/6
  1026 | D:2      | Noticed a sky beast
  1276 | D:2      | Slain by a sky beast

Action                   || total
-------------------------++-------
Melee: Falchion          ||    28
       Constrict         ||    16
       Tentacles         ||    12
       Dagger            ||    56
Throw: Stone             ||    15
       Tomahawk          ||     1
 Cast: Shroud of Golubri ||     2
  Use: Scroll            ||     4
       Potion            ||     4
 Stab: Sleeping          ||     4
       Invisible         ||     3
  Eat: Chunk             ||     1
Armor: Skin              ||    36
Dodge: Dodged            ||    84
       Rpst.: Falchion   ||     2
